 Dungeon Crawl Stone Soup version 0.22-a0-369-gc73351f94e (webtiles) character file.

10047 Laan the Destroyer (level 11, -2/103 HPs)
             Began as a Naga Fire Elementalist on Apr 24, 2018.
             Was a Priest of Vehumet.
             Slain by a water moccasin (6 damage)
             ... on level 3 of the Lair of Beasts.
             The game lasted 00:34:24 (11773 turns).

Laan the Destroyer (Naga Fire Elementalist)        Turns: 11773, Time: 00:34:25

Health: -2/103     AC:  6    Str: 16    XL:     11   Next: 56%
Magic:  9/31       EV: 10    Int: 18    God:    Vehumet [***...]
Gold:   639        SH:  0    Dex: 12    Spells: 8/25 levels left

rFire    . . .     SeeInvis +   b - +0 shortbow (freeze)
rCold    . . .     Gourm    .   (shield currently unavailable)
rNeg     . . .     Faith    .   a - +0 robe
rPois    +         Spirit   .   H - +1 hat {MR+}
rElec    .         Reflect  .   (no cloak)
rCorr    .         Harm     .   k - +0 pair of gloves
MR       ++...                  (no barding)
Stlth    ++........             (no amulet)
HPRegen  0.27/turn              u - ring of magical power
MPRegen  0.22/turn              z - ring of wizardry

@: mighty, about to teleport, very slow
A: large, see invisible, deformed body, poison resistance, slowness 2, slow
metabolism 1, spit poison 1, AC +3
a: Spit Poison, Renounce Religion


You were on level 3 of the Lair of Beasts.
You worshipped Vehumet.
Vehumet was most pleased with you.
You were very hungry.

You visited 2 branches of the dungeon, and saw 11 of its levels.

You collected 639 gold pieces.

Inventory:

Hand Weapons
 b - a +0 shortbow of freezing (weapon)
 e - a +0 dagger
 C - a +1 blowgun
Missiles
 d - 255 stones
 r - 5 poisoned needles
 D - 130 arrows (quivered)
Armour
 a - a +0 robe (worn)
 k - a +0 pair of gloves (worn)
 H - a +1 hat of magic resistance (worn)
Jewellery
 u - a ring of magical power (left hand)
 w - a +6 ring of intelligence
 x - a +3 ring of evasion
 z - a ring of wizardry (right hand)
 A - an uncursed ring of fire
Wands
 l - a wand of acid (4)
 m - a wand of iceblast (5)
 v - a wand of disintegration (25)
 E - a wand of digging (8)
 F - a wand of enslavement (10)
Scrolls
 f - a scroll of teleportation
 h - 4 scrolls of remove curse
 o - a scroll of enchant weapon
 s - 3 scrolls of identify
 t - 3 scrolls of amnesia
Potions
 g - a potion of flight
 i - a potion of brilliance
 p - a potion of haste
 q - 2 potions of agility
 B - 2 potions of cancellation
Comestibles
 c - 16 rations


   Skills:
 + Level 7.9 Fighting
 - Level 1.5 Dodging
 - Level 3.0 Stealth
 + Level 7.6 Spellcasting
 * Level 11.2 Conjurations
 + Level 8.6 Fire Magic


You had 8 spell levels left.
You knew the following spells:

 Your Spells              Type           Power        Failure   Level  Hunger
a - Flame Tongue          Conj/Fire      #####        1%          1    None
b - Sandblast             Erth           #.....       1%          1    None
c - Sticky Flame          Conj/Fire      #####...     1%          4    ###....
d - Conjure Flame         Conj/Fire      #####...     1%          3    #......
e - Fireball              Conj/Fire      #####.....   1%          5    #####..
f - Stone Arrow           Conj/Erth      ####..       1%          3    #......


Dungeon Overview and Level Annotations

Branches:
Dungeon (8/15)             Temple (0/1) D:6            Lair (3/6) D:8
 Shoals (0/4) Lair:2
  Snake: Lair:2-4    Spider: Lair:2-4

Altars:
Ashenzari
Cheibriados
Elyvilon
Gozag
Qazlal
Trog
Vehumet
Wu Jian
Yredelemnul
Zin

Shops:
D:7 *   D:8 (

Annotations:
D:7 exclusion: downstairs


Innate Abilities, Weirdness & Mutations

You cannot wear boots.
Your serpentine skin is tough. (AC +3)
You have supernaturally acute eyesight. (SInv)
Armour fits poorly on your strangely shaped body.
Your system is resistant to poisons. (rPois)
You cover ground very slowly.
You have a slow metabolism.
You can spit poison.


Message History

The spiny frog stings you.
* * * LOW HITPOINT WARNING * * *
The water moccasin bites you.
* * * LOW HITPOINT WARNING * * *
Your surroundings seem slightly different.
As you read the scroll of teleportation, it crumbles to dust.
You feel strangely unstable. The spiny frog stings you.
* * * LOW HITPOINT WARNING * * *
The water moccasin bites you.
* * * LOW HITPOINT WARNING * * *
It was a potion of might.
You feel very mighty all of a sudden. The spiny frog closely misses you.
The water moccasin bites you.
* * * LOW HITPOINT WARNING * * *
The spiny frog stings you but does no damage.
Okay, then.
Unknown command.
The spiny frog stings you but does no damage.
The water moccasin bites you.
You die...

.#..........P....#
.................###
...[................
.#.................
....P#.##........#
..........<......#
.........#.......#
............#..F.##
###............F@P#
##.P.........S.##
#..............P#
##........#.....#
.+......#.....#
..#.....#.......
...............<
...............
....... .......


You could see 2 spiny frogs and a water moccasin.

Vanquished Creatures
  Gastronok (D:8)
  A hydra (Lair:1)
  A two-headed ogre (D:8)
  An oklob plant (Lair:1)
  A black mamba (Lair:2)
  4 spiny frogs
  The ghost of ilii the Magician, a novice GnWz of Okawaru (D:4)
  A polar bear (Lair:2)
  A hippogriff (D:7)
  Grinder (D:3)
  2 basilisks
  5 yaks (Lair:1)
  A hungry ghost (D:7)
  3 porcupines (Lair:1)
  An ice beast (D:6)
  An orc warrior (D:7)
  3 sky beasts
  3 necrophages
  2 centaurs
  4 crocodiles
  6 bullfrogs
  A wyvern zombie (D:5)
  A wyvern skeleton (D:7)
  A water moccasin zombie (D:8)
  A scorpion (D:6)
  4 wights (D:8)
  2 electric eels (Lair:1)
  2 howler monkeys (D:7)
  2 bullfrog skeletons
  2 bullfrog zombies
  A quasit (D:8)
  A crimson imp (D:5)
  3 hounds
  3 orc priests
  4 orc wizards
  3 iguanas
  3 worker ants
  A mummy (D:8)
  A worker ant zombie (D:8)
  A howler monkey skeleton (D:7)
  12 adders
  A shadow imp (D:5)
  2 oozes (D:4)
  3 worms (D:2)
  A dart slug (D:3)
  6 leopard geckos
  16 orcs
  2 ball pythons
  6 bats
  3 giant cockroaches
  6 goblins
  7 hobgoblins
  13 jackals
  7 kobolds
  2 quokkas
  7 frilled lizards
  A jackal skeleton (D:7)
  A leopard gecko zombie (D:5)
  2 quokka skeletons
  6 rats
  A bush (Lair:1)
186 creatures vanquished.

Vanquished Creatures (others)
  A fire vortex (Lair:2)
1 creature vanquished.

Grand Total: 187 creatures vanquished

Notes
Turn   | Place    | Note
-------+----------+-------------------------------------------
     0 | D:1      | Laan the Naga Fire Elementalist began the quest for the Orb.
     0 | D:1      | Reached XP level 1. HP: 15/15 MP: 3/3
   251 | D:1      | Reached XP level 2. HP: 22/22 MP: 3/5
   667 | D:1      | HP: 1/22 [hobgoblin/club (8)]
  1403 | D:2      | Found a bloodstained altar of Trog.
  1404 | D:2      | Reached skill level 2 in Conjurations
  1409 | D:2      | Reached XP level 3. HP: 30/30 MP: 1/6
  1540 | D:2      | Learned a level 3 spell: Conjure Flame
  1602 | D:2      | Found a radiant altar of Vehumet.
  1620 | D:2      | Became a worshipper of Vehumet
  1893 | D:2      | Reached skill level 1 in Fighting
  2111 | D:2      | Reached XP level 4. HP: 38/38 MP: 4/7
  2117 | D:2      | Learned a level 4 spell: Sticky Flame
  2850 | D:3      | Reached * piety under Vehumet
  2850 | D:3      | Offered knowledge of Shock by Vehumet.
  2878 | D:3      | Reached skill level 3 in Conjurations
  2878 | D:3      | Reached XP level 5. HP: 44/44 MP: 5/9
  3605 | D:3      | Found a snail-covered altar of Cheibriados.
  3643 | D:3      | Found a stormy altar of Qazlal.
  4111 | D:4      | Noticed ilii's ghost (novice GnWz)
  4152 | D:4      | Noticed Grinder
  4159 | D:4      | Paralysed by Grinder for 2 turns
  4439 | D:3      | Paralysed by Grinder for 4 turns
  4453 | D:3      | Killed Grinder
  4453 | D:3      | Reached skill level 4 in Conjurations
  4453 | D:3      | Reached XP level 6. HP: 46/55 MP: 4/10
  4732 | D:4      | Killed ilii's ghost
  4732 | D:4      | Reached skill level 5 in Conjurations
  4732 | D:4      | Reached XP level 7. HP: 30/62 MP: 0/12
  5366 | D:5      | Entered Level 5 of the Dungeon
  5455 | D:5      | Offered knowledge of Sandblast by Vehumet.
  5458 | D:5      | Reached ** piety under Vehumet
  5468 | D:5      | Learned a level 1 spell: Sandblast
  5511 | D:5      | Found a shattered altar of Ashenzari.
  5621 | D:5      | Reached XP level 8. HP: 37/69 MP: 14/14
  5966 | D:5      | Found an ornate altar of the Wu Jian Council.
  5967 | D:5      | Found an opulent altar of Gozag.
  5967 | D:5      | Found a glowing silver altar of Zin.
  5968 | D:5      | Found a white marble altar of Elyvilon.
  6007 | D:5      | Learned a level 5 spell: Fireball
  6039 | D:5      | Reached skill level 5 in Fire Magic
  6393 | D:6      | Reached skill level 6 in Conjurations
  6622 | D:6      | Found a staircase to the Ecumenical Temple.
  7032 | D:7      | Found Harah's Assorted Antiques.
  7254 | D:7      | Noticed a hippogriff
  7268 | D:7      | Killed a hippogriff
  7469 | D:7      | Reached skill level 7 in Conjurations
  7483 | D:7      | Reached XP level 9. HP: 69/79 MP: 16/16
  7593 | D:7      | Found a basalt altar of Yredelemnul.
  7722 | D:7      | Reached skill level 5 in Spellcasting
  7963 | D:7      | Reached skill level 5 in Fighting
  8954 | D:8      | Found a staircase to the Lair.
  8989 | D:8      | Found a stormy altar of Qazlal.
  9062 | D:8      | Reached skill level 8 in Conjurations
  9067 | D:8      | Offered knowledge of Stone Arrow by Vehumet.
  9079 | D:8      | Learned a level 3 spell: Stone Arrow
  9374 | D:8      | Reached *** piety under Vehumet
  9446 | D:8      | Noticed a two-headed ogre
  9464 | D:8      | Killed a two-headed ogre
  9464 | D:8      | Reached skill level 9 in Conjurations
  9464 | D:8      | Reached XP level 10. HP: 88/90 MP: 19/19
  9571 | D:8      | Found Goaron's Weapon Shop.
  9729 | Lair:1   | Entered Level 1 of the Lair of Beasts
  9729 | Lair:1   | Noticed a seven-headed hydra
  9736 | Lair:1   | Killed a seven-headed hydra
  9770 | Lair:1   | Noticed Gastronok
 10030 | D:8      | Killed Gastronok
 10030 | D:8      | Reached skill level 10 in Conjurations
 10204 | Lair:1   | Reached XP level 11. HP: 91/100 MP: 21/21
 10904 | Lair:1   | Offered knowledge of Iskenderun's Mystic Blast by Vehumet.
 11110 | Lair:1   | Noticed an oklob plant
 11217 | Lair:1   | Killed an oklob plant
 11454 | Lair:1   | Reached skill level 11 in Conjurations
 11752 | Lair:2   | Found a staircase to the Shoals.
 11753 | Lair:2   | Noticed a manticore
 11772 | Lair:3   | HP: 4/103 [water moccasin (3)]
 11773 | Lair:3   | Slain by a water moccasin

Vault maps used:
D:1:      minmay_arrival_jagged
D:2:      vehumet_crystals, trog_butcher_becter
D:3:      nicolae_overflow_hidden_temple
D:4:      uniq_grinder
D:5:      ashenzari_altar_1, chequers_temple_overflow_statue_of_worship,
          first_ration
D:6:      minmay_temple_entry_statues_fountains
D:7:      kennysheep_mini_moat, serial_shops, shop_fountains
D:8:      lair_entry_dummy, basic_altar, serial_undead, serial_undead_b,
          serial_undead_e, serial_undead_b, serial_undead_f, serial_undead_a,
          serial_undead_f, serial_shops, shop
Lair:1:   minmay_lair_oklob_items, serial_bayou_shore_a, grunt_megastairs_2,
          lemuel_fruit_tree, uniq_gastronok
Lair:2:   gammafunk_lair_enchanted_lake, minmay_shoals_entry_beasts,
          nzn_random_ring, infiniplex_staircase_pool, lemuel_fruit_fields
Lair:3:   minmay_snake_entry_guardpost_small, uniq_rupert

Skill      XL: |  1  2  3  4  5  6  7  8  9 10 11 |
---------------+----------------------------------+-----
Conjurations   | 2 3 4 5 7 9 10 11 | 11.2
Fighting       | 1 2 3 4 6 7 |  7.9
Spellcasting   | 3 4 6 7 |  7.6
Fire Magic     | 4 5 7 8 |  8.6
Dodging        | |  1.5
Stealth        | |  3.0

Action                   |  1- 3 |  4- 6 |  7- 9 | 10-12 || total
-------------------------+-------+-------+-------+-------++-------
Melee: Unarmed           |     2 |     2 |       |       ||     4
       Dagger            |     9 |       |       |       ||     9
 Fire: Blowgun           |       |    40 |    52 |       ||    92
       Shortbow          |       |       |    45 |    25 ||    70
Throw: Stone             |    47 |    35 |       |       ||    82
 Cast: Flame Tongue      |    72 |    81 |   256 |    81 ||   490
       Conjure Flame     |       |     1 |     9 |       ||    10
       Sandblast         |       |       |    20 |       ||    20
       Sticky Flame      |       |       |     8 |    16 ||    24
       Fireball          |       |       |     2 |     6 ||     8
       Stone Arrow       |       |       |       |     8 ||     8
 Abil: Spit Poison       |     3 |     3 |       |     2 ||     8
Evoke: Wand              |       |     5 |     2 |     6 ||    13
  Use: Scroll            |       |     4 |     9 |     8 ||    21
       Potion            |       |     3 |     1 |     7 ||    11
  Eat: Chunk             |     3 |     5 |     6 |     5 ||    19
       Ration            |       |     1 |     2 |     1 ||     4
Armor: Robe              |     1 |     7 |    48 |    32 ||    88
       Skin              |       |     1 |       |       ||     1
Dodge: Dodged            |    19 |    24 |    58 |    43 ||   144

Table legend:
 A = Spawn XP
 B = Non-spawn XP
 C = Spawn XP percentage of total XP
 D = Spawn monster count
 E = Non-spawn monster count
 F = Spawn count percentage of total count
 G = Total turns spent on level
                    A         B        C        D         E        F      G
               +---------+---------+-------+---------+---------+-------+---------
         Total |       0 |   14353 |   0.0 |       0 |     185 |   0.0 | 11773
               +---------+---------+-------+---------+---------+-------+---------
           D:1 |       0 |      30 |   0.0 |       0 |      17 |   0.0 |  1444
           D:2 |       0 |     100 |   0.0 |       0 |      27 |   0.0 |  1200
           D:3 |       0 |     367 |   0.0 |       0 |      18 |   0.0 |  1580
           D:4 |       0 |     492 |   0.0 |       0 |      17 |   0.0 |  1290
           D:5 |       0 |     319 |   0.0 |       0 |      17 |   0.0 |   942
           D:6 |       0 |     330 |   0.0 |       0 |       6 |   0.0 |   791
           D:7 |       0 |    1537 |   0.0 |       0 |      25 |   0.0 |  1673
           D:8 |       0 |    4671 |   0.0 |       0 |      32 |   0.0 |  1091
        Lair:1 |       0 |    4440 |   0.0 |       0 |      18 |   0.0 |  1695
        Lair:2 |       0 |    1656 |   0.0 |       0 |       7 |   0.0 |    49
        Lair:3 |       0 |     411 |   0.0 |       0 |       1 |   0.0 |    18
               +---------+---------+-------+---------+---------+-------+---------
